 Dungeon Crawl Stone Soup version 0.19.0-2-gae57169 (webtiles) character file.

33 Monkfish the Cutter (level 3, 0/23 HPs)
             Began as a Kobold Berserker on Nov 5, 2016.
             Was a Follower of Trog.
             Slain by a goblin
             ... wielding a +0 dagger
             ... led by Robin
              (3 damage)
             ... while paralysed
             ... on level 2 of the Dungeon.
             The game lasted 00:00:55 (864 turns).

Monkfish the Cutter (Kobold Berserker)               Turns: 864, Time: 00:00:56

Health: 0/23       AC:  3    Str: 15    XL:     3   Next: 47%
Magic:  2/2        EV:  3    Int: 13    God:    Trog [*.....]
Gold:   34         SH:  0    Dex: 14    Spells: 0 memorised, 2 levels left

rFire  . . .     SeeInvis .     a - +0 short sword
rCold  + . .     Gourm    .     k - +0 leather armour
rNeg   . . .     Faith    .     (shield restricted)
rPois  +         Spirit   .     (no helmet)
rElec  .         Reflect  .     (no cloak)
rCorr  .         Harm     .     (no gloves)
MR     .....                    (no boots)
Stlth  ++........               (no amulet)
                                (no ring)
                                n - ring of flight

@: paralysed, brilliant, exhausted, very slightly contaminated, hasted and
slowed
A: carnivore 3, cold resistance 1, low mp 1, poison resistance
a: Berserk, Burn Spellbooks, Renounce Religion, Evoke Flight


You were on level 2 of the Dungeon.
You worshipped Trog.
Trog was aware of your devotion.
You were not hungry.

You visited 1 branch of the dungeon, and saw 2 of its levels.

You collected 34 gold pieces.

Inventory:

Hand Weapons
 a - a +0 short sword (weapon)
Armour
 b - a +0 animal skin
 k - a +0 leather armour (worn)
Jewellery
 n - a ring of flight (left hand)
Scrolls
 i - a scroll of remove curse
Potions
 l - a potion of mutation
Comestibles
 c - a meat ration
 f - a slice of pizza


   Skills:
 + Level 3.5 Fighting
 + Level 4.9 Short Blades
 - Level 1.5 Armour
 + Level 2.8 Dodging
 * Level 1.5 Stealth


You had 2 spell levels left.
You didn't know any spells.

Dungeon Overview and Level Annotations

Branches:
Dungeon (2/15)

Altars:


Innate Abilities, Weirdness & Mutations

You are small and have problems with some larger weapons.
You are carnivorous and can eat meat at any time.
Your flesh is cold resistant. (rC+)
Your magical capacity is low. (-10% MP)
Your system is resistant to poisons. (rPois)


Message History

You closely miss the goblin. The rat bites you.
The giant cockroach closely misses you. The goblin closely misses you.
You puncture the goblin!
You kill the goblin!
Trog accepts your kill. The goblin barely misses you.
The goblin hits you with a dagger. The rat closely misses you.
The goblin closely misses you.
You puncture Robin!
You kill Robin!
Trog accepts your kill. The giant cockroach bites you. The rat misses you.
The goblin completely misses you.
You barely miss the hobgoblin.
You are no longer berserk.
You pass out from exhaustion.
You feel yourself slow down. The goblin hits you with a dagger.
* * * LOW HITPOINT WARNING * * *
The rat barely misses you. The giant cockroach barely misses you.
The goblin hits you with a dagger.
You die...

## .## ##. .
...##.. ..
.......### ...
..^......##....
.......gs..!...
#.g@r......
#.rgg.g...#
#.............
####....g.....
#..........
>..######..
#.## . .. ..#


You could see a giant cockroach, a hobgoblin, 5 goblins and 2 rats.

Vanquished Creatures
  Robin (D:2)
  A worm (D:2)
  A dart slug (D:1)
  9 goblins
  A hobgoblin (D:1)
  2 bats (D:2)
  A kobold (D:2)
  A rat (D:1)
17 creatures vanquished.

Notes
Turn   | Place    | Note
-------+----------+-------------------------------------------
     0 | D:1      | Monkfish the Kobold Berserker began the quest for the Orb.
     0 | D:1      | Reached XP level 1. HP: 14/14 MP: 1/1
   156 | D:1      | Reached XP level 2. HP: 9/19 MP: 2/2
   836 | D:1      | Gained mutation: Your system is resistant to poisons. (rPois) [potion of mutation]
   836 | D:1      | Gained mutation: Your magical capacity is low. (-10% MP) [potion of mutation]
   836 | D:1      | Gained mutation: Your flesh is cold resistant. (rC+) [potion of mutation]
   842 | D:2      | Reached skill level 1 in Stealth
   846 | D:2      | Noticed Robin
   859 | D:2      | Reached XP level 3. HP: 23/23 MP: 2/2
   863 | D:2      | Killed Robin
   864 | D:2      | Slain by a goblin

Skill      XL: |  1  2 |
---------------+-------+-----
Stealth        | 1 |  1.5
Fighting       | |  3.5
Short Blades   | |  4.9
Armour         | |  1.5
Dodging        | |  2.8

Action                   || total
-------------------------++-------
Melee: Short sword       ||    47
Invok: Berserk           ||     1
  Use: Scroll            ||     6
       Potion            ||     3
  Eat: Chunk             ||     3
Armor: Animal skin       ||     1
       Leather armour    ||     5
Dodge: Dodged            ||    40
